 Dungeon Crawl Stone Soup version 0.19.1 (webtiles) character file.

51 Krapule the Shield-Bearer (level 3, -1/28 HPs)
             Began as a Vampire Fighter on Dec 1, 2016.
             Slain by a scorpion (3 damage)
             ... on level 3 of the Dungeon.
             The game lasted 00:06:03 (2639 turns).

Krapule the Shield-Bearer (Vampire Fighter)         Turns: 2639, Time: 00:06:04

Health: -1/28      AC:  3    Str: 15    XL:     3   Next: 57%
Magic:  3/3        EV:  9    Int: 10    God:
Gold:   124        SH:  9    Dex: 14    Spells: 0 memorised, 2 levels left

rFire  . . .     SeeInvis +     a - +0 long sword
rCold  + . .     Gourm    .     h - +0 leather armour
rNeg   + + .     Faith    .     c - +0 shield
rPois  +         Spirit   .     (no helmet)
rElec  .         Reflect  .     (no cloak)
rCorr  .         Harm     .     (no gloves)
MR     .....                    (no boots)
Stlth  +++.......               (no amulet)
                                (no ring)
                                (no ring)

@: regenerating slowly
A: fangs 3, see invisible, unbreathing
a: Bat Form


You were on level 3 of the Dungeon.
You were thirsty.

You visited 1 branch of the dungeon, and saw 3 of its levels.

You collected 124 gold pieces.

Inventory:

Hand Weapons
 a - a +0 long sword (weapon)
Armour
 b - a +0 scale mail
 c - a +0 shield (worn)
 h - a +0 leather armour (worn)
Scrolls
 i - 5 scrolls of identify {unknown}
 j - 5 scrolls of teleportation {unknown}
 k - a scroll of amnesia {unknown}
 l - a scroll of noise {unknown}
 m - a scroll of blinking {unknown}
 o - a scroll of enchant weapon {unknown}
 q - 2 scrolls of remove curse {unknown}
Potions
 d - 3 potions of might
 e - 3 potions of blood
 f - a potion of flight {unknown}
 g - a potion of cure mutation {unknown}
 n - 2 potions of curing
 p - a potion of berserk rage {unknown}
 r - a potion of ambrosia {unknown}
 s - 3 potions of agility {unknown}
 t - a potion of lignification {unknown}


   Skills:
 + Level 2.9 Fighting
 + Level 2.4 Long Blades
 + Level 2.7 Armour
 + Level 0.7 Dodging
 + Level 1.9 Stealth
 + Level 3.1 Shields


You had 2 spell levels left.
You didn't know any spells.

Dungeon Overview and Level Annotations

Branches:
Dungeon (3/15)

Altars:
Elyvilon

Annotations:
D:3 Sigmund


Innate Abilities, Weirdness & Mutations

You heal slowly.
You have razor-sharp teeth.
You have supernaturally acute eyesight. (SInv)
You can survive without breathing.


Message History

You climb upwards.
There is a stone staircase leading down here.
A goblin comes into view.
The goblin moves out of view.
Yummy - fresh blood!
There is an escape hatch in the ceiling here.
You are feeling thirsty.
There is a stone staircase leading down here.
You climb downwards.
Level annotation: Sigmund
There is a stone staircase leading up here.
You aren't carrying any items that you can evoke.
Your shield prevents you from hitting the scorpion.
You block the scorpion's attack.
You hit the scorpion but do no damage. The scorpion stings you.
You closely miss the scorpion. The scorpion stings you! x2
* * * LOW HITPOINT WARNING * * *
There is a stone staircase leading down here.
The scorpion stings you.
You die...

#....#.#.######
####.##........ .#
#.#........# #.#
#.......#... #.#
#...........
#.###.....#.....
#..+......#...#
####..#........#..
#@s...............
#.................
#######...........
#...........
#...........
########...........
#.........#........
#.########........%
#.# #.........


You could see a scorpion.

Vanquished Creatures
  A worm (D:2)
  2 ball pythons (D:1)
  2 giant cockroaches
  5 goblins
  4 hobgoblins
  10 jackals
  7 kobolds
  A quokka (D:3)
  A bat (D:2)
  3 frilled lizards
  7 rats
43 creatures vanquished.

Notes
Turn   | Place    | Note
-------+----------+-------------------------------------------
     0 | D:1      | Krapule the Vampire Fighter began the quest for the Orb.
     0 | D:1      | Reached XP level 1. HP: 17/17 MP: 1/1
   210 | D:1      | Reached XP level 2. HP: 22/23 MP: 2/2
   289 | D:1      | Reached skill level 3 in Shields
  1108 | D:2      | Reached XP level 3. HP: 28/28 MP: 3/3
  1228 | D:2      | Reached skill level 1 in Stealth
  1596 | D:3      | Noticed Sigmund
  2018 | D:3      | Found a white marble altar of Elyvilon.
  2487 | D:3      | Noticed a scorpion
  2612 | D:3      | HP: 1/28 [scorpion (9)]
  2639 | D:3      | Slain by a scorpion

Skill      XL: |  1  2  3 |
---------------+----------+-----
Shields        | 3 |  3.1
Stealth        | 1 |  1.9
Fighting       | |  2.9
Long Blades    | |  2.4
Armour         | |  2.7
Dodging        | |  0.7

Action                   || total
-------------------------++-------
Melee: Long sword        ||   123
       Bite              ||    12
  Use: Potion            ||     5
 Stab: Sleeping          ||     2
Armor: Scale mail        ||    12
       Leather armour    ||    16
Dodge: Dodged            ||    31
Block: Shield            ||    72
       Rpst.: Long sword ||    15
